Map: Tourmaline LE

Players

Khan - Winner!

  • Race: Zerg Zerg
  • League: Diamond
  • Spawn Location: 1:00

HoldTheDoor

  • Race: Protoss Protoss
  • League: Diamond
  • Spawn Location: 7:00

VOD

Have the link to the VOD?

Description

Time

  • Played on: May 2, 2026, 11:58 a.m.
  • Length: 10:45
Show
View Real Time Build Order
Export as new Build Order

Khan Zerg - Winner!

Build Orders: Hatch First 

Get SALT Encoding   

  12  0:00  Drone  
  13  0:08  Drone  
  14  0:14  Extractor  
  14  0:16  Drone  
  15  0:21  Overlord  
  15  0:40  Drone  
  16  0:48  Hatchery  
  15  0:51  Drone  
  15  0:55  Drone  
  17  0:57  Drone  
  18  1:09  Extractor  
  17  1:16  Spawning Pool  
  16  1:31  Drone x2  
  16  1:32  Drone  
  19  1:43  Drone  
  20  1:55  Overlord  
  20  2:05  Queen x2  
  24  2:12  Zergling x4  
  26  2:21  Drone x2  
  28  2:23  Metabolic Boost  
  28  2:30  Drone x2  
  30  2:49  Hatchery  
  29  2:54  Overlord  
  29  3:00  Overlord  
  29  3:06  Lair  
  29  3:15  Drone  
  29  3:16  Drone x3  
  29  3:19  Drone  
  34  3:34  Zergling x4  
  36  3:48  Drone x3  
  37  3:49  Drone  
  37  3:51  Extractor  
  37  3:52  Spore Crawler  
  37  3:53  Drone x2  
  37  3:55  Drone x3  
  43  4:05  Spire  
  41  4:20  Extractor x2  
  41  4:21  Spore Crawler  
  41  4:22  Drone x3  
  41  4:23  Drone  
  41  4:24  Drone x2  
  44  4:25  Drone x5  
  44  4:28  Overlord  
  49  4:31  Overlord  
  49  4:45  Queen x2  
  49  4:50  Drone x2  
  55  4:53  Overlord  
  55  4:57  Overlord  
  55  5:13  Mutalisk  
  55  5:14  Mutalisk x3  
  65  5:21  Overseer  
  65  5:31  Overseer  
  63  5:42  Zergling x4  
  65  5:48  Zerg Flyer Weapons Level 1, Mutalisk x3  
  71  5:57  Drone  
  71  5:58  Drone x2  
  71  5:59  Overlord x3  
  71  6:03  Extractor  
  73  6:05  Hatchery  
  73  6:07  Extractor  
  73  6:08  Queen  
  71  6:32  Roach Warren  
  67  6:40  Spore Crawler x2  
  65  7:11  Evolution Chamber  
  65  7:15  Drone x3  
  66  7:16  Drone  
  66  7:17  Drone x2  
  66  7:18  Drone x5  
  66  7:19  Zergling x6  
  66  7:20  Zergling x2  
  66  7:21  Mutalisk x3  
  85  7:49  Zerg Missile Weapons Level 1  
  85  7:50  Overlord x4  
  85  7:51  Overlord  
  85  7:52  Roach x3  
  85  7:53  Roach x3  
  97  8:01  Spine Crawler, Spore Crawler  
  97  8:04  Overlord x3, Spine Crawler  
  94  8:08  Queen  
  96  8:26  Glial Reconstitution  
  96  8:31  Drone x7  
  103  8:36  Roach x5  
  111  9:01  Overlord x4  
  113  9:02  Roach  
  113  9:03  Roach x8  
  113  9:09  Drone x4  
  133  9:28  Ravager x3  
  133  9:29  Ravager x3  
  139  9:31  Roach x3  
  139  9:32  Roach x3  
  149  9:51  Roach  
  149  9:52  Roach x9  
  159  10:11  Zergling x2  
  159  10:12  Zergling x14  
  167  10:27  Hatchery  
  174  10:38  Extractor  
  174  10:39  Hatchery  
  174  10:41  Extractor  
Show
View Real Time Build Order
Export as new Build Order

HoldTheDoor Protoss 

Build Orders: 1 Gate Expand, Zealot Archon, Archon Drop, Dark Templar Rush 

Get SALT Encoding   

  12  0:00  Probe  
  13  0:12  Probe  
  14  0:19  Pylon  
  14  0:24  Probe  
  15  0:33  Probe  
  15  0:41  Probe  
  15  0:42  Gateway  
  16  0:49  Assimilator  
  17  0:51  Probe  
  18  1:03  Probe  
  19  1:11  Pylon  
  19  1:32  Nexus  
  19  1:35  Cybernetics Core  
  19  1:38  Probe  
  20  1:47  Assimilator  
  20  1:49  Pylon  
  20  1:56  Probe  
  20  2:00  Stalker  
  22  2:08  Probe  
  22  2:14  Warp Gate  
  24  2:20  Probe  
  25  2:32  Probe, Adept  
  28  2:37  Gateway  
  28  2:44  Probe  
  28  2:46  Probe  
  30  2:57  Probe  
  31  3:00  Twilight Council  
  31  3:05  Robotics Facility  
  31  3:06  Probe  
  31  3:10  Probe  
  33  3:16  Assimilator  
  33  3:18  Probe  
  34  3:22  Probe  
  35  3:43  Probe, Warp Prism  
  35  3:46  Probe  
  37  3:51  Dark Shrine  
  39  3:59  Gateway  
  39  4:01  Gateway  
  39  4:05  Pylon  
  39  4:09  Pylon  
  39  4:12  Probe  
  39  4:13  Probe  
  41  4:25  Probe, Pylon  
  41  4:28  Pylon, Probe  
  43  4:36  Pylon  
  43  4:37  Probe  
  44  4:39  Pylon  
  44  4:40  Probe  
  44  4:43  Pylon  
  45  5:03  Dark Templar  
  45  5:04  Dark Templar x3  
  53  5:20  Probe x2  
  55  5:45  Nexus  
  55  5:49  Pylon  
  55  5:50  Shield Battery  
  55  5:51  Dark Templar x4  
  55  5:55  Archon x2  
  63  5:58  Charge  
  63  5:59  Archon x2  
  63  6:01  Probe  
  63  6:02  Probe  
  65  6:06  Immortal  
  69  6:14  Probe x2  
  71  6:26  Probe x2  
  71  6:32  Stalker x4  
  79  6:38  Probe, Shield Battery  
  82  6:40  Shield Battery  
  82  6:47  Shield Battery  
  82  6:51  Pylon  
  82  6:52  Stargate  
  82  6:53  Pylon  
  82  6:56  Stalker x2  
  77  7:19  Stalker x2  
  77  7:20  Stalker, Forge  
  77  7:21  Probe  
  77  7:22  Pylon  
  84  7:23  Probe  
  84  7:24  Probe  
  86  7:31  Shield Battery  
  84  7:48  Stalker  
  84  7:49  Stalker x3  
  90  7:55  Probe  
  91  8:02  Photon Cannon  
  91  8:05  Photon Cannon  
  91  8:08  Photon Cannon  
  91  8:09  Phoenix  
  91  8:11  Photon Cannon  
  93  8:15  Stalker  
  91  8:29  Photon Cannon  
  91  8:31  Photon Cannon  
  91  8:34  Photon Cannon  
  91  8:39  Probe, Pylon  
  93  8:41  Probe  
  93  8:52  Stalker x2  
  94  9:00  Probe  
  94  9:01  Probe x2  
  97  9:13  Probe x2  
  97  9:15  Photon Cannon  
  99  9:24  Phoenix  
  99  9:29  Stalker  
  103  9:32  Probe x2  
  103  9:34  Probe  
  104  9:45  Stalker  
  104  9:46  Stalker x2  
  104  9:49  Phoenix  
  72  10:14  Stalker x4  
  72  10:16  Probe x2  
  72  10:18  Probe  
  81  10:25  Assimilator  
  82  10:28  Probe  
  82  10:30  Probe  
  85  10:38  Zealot x4  
Tags
 
Add a new tag
Caveats
  • Supply blocks, unpowered buildings, or Contaminate may cause inaccurate times.
  • Supply counts are checked every 10 seconds.